 Dungeon Crawl Stone Soup version 0.17-a0-1575-g9a29ec8 (webtiles) character file.

144 urechis the Cudgeler (level 5, 0/54 HPs)
             Began as an Ogre Gladiator on July 26, 2015.
             Slain by an orc
             ... wielding a +0 flail
              (8 damage)
             ... on level 4 of the Dungeon.
             The game lasted 00:03:45 (2682 turns).

urechis the Cudgeler (Ogre Gladiator)               Turns: 2682, Time: 00:03:47

Health: 0/54       AC:  3    Str: 20    XL:     5   Next: 27%
Magic:  5/5        EV: 11    Int:  7    God:
Gold:   123        SH:  0    Dex: 17    Spells: 0 memorised, 4 levels left

rFire  . . .     SeeInvis .     a - +0 morningstar
rCold  . . .     Clarity  .     b - +0 robe
rNeg   . . .     SustAt   .     (no shield)
rPois  .         Gourm    .     c - +0 hat
rElec  .         Spirit   .     (no cloak)
rCorr  .         Warding  .     (gloves unavailable)
rMut   .         Stasis   .     (boots unavailable)
MR     .....                    (no amulet)
Stlth  ++........               (no ring)
                                k - +6 ring of dexterity

@: not resistant to hostile enchantments, unstealthy
A: unfitting armour, tough skin 1
a: no special abilities


You were on level 4 of the Dungeon.
You were not hungry.

You visited 1 branch of the dungeon, and saw 4 of its levels.

You collected 123 gold pieces.

Inventory:

Hand weapons
 a - a +0 morningstar (weapon)
Missiles
 e - 3 throwing nets (quivered)
Armour
 b - a +0 robe (worn)
 c - a +0 hat (worn)
Jewellery
 k - a +6 ring of dexterity (left hand)
Scrolls
 f - 5 scrolls of identify {unknown}
 g - 2 scrolls of remove curse {unknown}
 i - a scroll of noise {unknown}
 n - 2 scrolls of enchant weapon {unknown}
 o - a scroll of immolation {unknown}
 q - a scroll of recharging {unknown}
 r - a scroll of fog {unknown}
 s - a scroll of enchant armour {unknown}
Potions
 h - a potion of flight {unknown}
 j - a potion of agility {unknown}
 l - 3 potions of lignification {unknown}
Comestibles
 d - 4 bread rations
 m - 2 meat rations
 p - a chunk of flesh
 t - a beef jerky


   Skills:
 + Level 4.1 Fighting
 * Level 6.9 Maces & Flails
 - Level 2.1 Throwing
 - Level 2.6 Dodging


You had 4 spell levels left.
You didn't know any spells.

Dungeon Overview and Level Annotations

Branches:
Dungeon (4/15)
 Temple: D:4-7

Altars:
Gozag
Trog

Annotations:
D:4 Grinder


Innate Abilities, Weirdness & Mutations

You are too large for most types of armour.
You have tough skin (AC +1).


Message History

You sock Grinder!
Grinder is moderately wounded.
Grinder hits you.
You writhe in agony.
You hit Grinder.
Grinder is heavily wounded.
Grinder hits you.
You writhe in agony.
* * * LOW HITPOINT WARNING * * *
You are too injured to fight recklessly!
You are too injured to fight recklessly!
You puncture Grinder!
Grinder is severely wounded.
Grinder misses you.
An orc wizard comes into view. It is wielding a dagger.
You hit Grinder.
Grinder is almost dead.
Grinder hits you.
* * * LOW HITPOINT WARNING * * *
You writhe in agony. x2
The orc hits you with a flail!
You die...

.. ##.#..######.#
#.###.............
.................#
.#...........###.#
.............## #
.#.#..........#
#..####.....## #..
#....## #. #@#.##
..o...o5#.#
#..####.#.# #.#.#
#...# #.... #.###
..#


You could see Grinder, an orc wizard and an orc.

Vanquished Creatures
  A hound (D:4)
  Terence (D:2)
  A worker ant (D:4)
  2 oozes
  3 worms
  3 giant geckos
  6 orcs (D:3)
  4 goblins (D:1)
  7 hobgoblins
  2 quokkas
  2 bats (D:1)
  2 giant newts (D:1)
  A jackal skeleton (D:4)
  3 kobolds
  11 rats
49 creatures vanquished.

Notes
Turn   | Place    | Note
--------------------------------------------------------------
     0 | D:1      | urechis the Ogre Gladiator began the quest for the Orb.
     0 | D:1      | Reached XP level 1. HP: 22/22 MP: 1/1
    92 | D:1      | Reached XP level 2. HP: 29/29 MP: 2/2
   500 | D:1      | Reached skill level 5 in Maces & Flails
   647 | D:1      | Reached XP level 3. HP: 31/37 MP: 3/3
  1254 | D:2      | Found a bloodstained altar of Trog.
  1581 | D:2      | Noticed Terence
  1596 | D:2      | Killed Terence
  1596 | D:2      | Reached XP level 4. HP: 11/48 MP: 4/4
  2138 | D:3      | Reached skill level 6 in Maces & Flails
  2255 | D:3      | Found an opulent altar of Gozag.
  2523 | D:4      | Reached XP level 5. HP: 10/54 MP: 5/5
  2675 | D:4      | Noticed Grinder
  2682 | D:4      | Slain by an orc

Vault maps used:
D:1:      ncdulo_smallfort, roderic_lattice_a
D:2:      lemuel_coloured_pillars_altar, minivault_14, uniq_terence
D:3:      nicolae_overflow_crystal_walls
D:4:      nicolae_tso_besieged_by_evil, uniq_grinder

Action                   |  1- 3 |  4- 6 || total
-------------------------+-------+-------++-------
Melee: Flail             |   102 |    15 ||   117
       Morningstar       |       |    37 ||    37
 Stab: Sleeping          |     2 |     1 ||     3
  Eat: Chunk             |     2 |     4 ||     6
